 Dungeon Crawl Stone Soup version 0.29-a0-1047-g7c58e119a4 (webtiles) character file.

Game seed: 10446702446735405314

21 Zeldest the Trooper (level 2, 0/24 HPs)
             Began as a Mummy Chaos Knight on Aug 17, 2022.
             Was a Follower of Sif Muna.
             Killed from afar by a white imp (2 damage)
             ... with a puff of frost
             ... summoned by Xom
             ... on level 1 of the Dungeon.
             The game lasted 00:01:01 (842 turns).

Zeldest the Trooper (Mummy Chaos Knight)             Turns: 842, Time: 00:01:01

Health: 0/24       AC:  5    Str: 15      XL:     2   Next: 62%
Magic:  2/2        EV: 11    Int: 11      God:    Sif Muna [*.....]
Gold:   19         SH:  0    Dex:  8 (11) Spells: 1/1 levels left

rFire   x . .      SeeInvis .   g - +2 spear (flame)
rCold   + . .      Faith    .   (no shield)
rNeg    + + +      Spirit   .   b - +2 leather armour
rPois   ∞          Reflect  .   (no helmet)
rElec   .          Harm     .   (no cloak)
rCorr   .          Rampage  .   (no gloves)
Will    .....                   (no boots)
Stlth   +.........              (no amulet)
HPRegen 0.08/turn               (no ring)
MPRegen 0.08/turn               (no ring)

@: about to teleport
A: cold resistance 1, negative energy resistance 3, torment resistance 2, heat
vulnerability 1, no potions
a: Renounce Religion, Channel Magic


You were on level 1 of the Dungeon.
You worshipped Sif Muna.
Sif Muna was aware of your devotion.
You visited 1 branch of the dungeon, and saw 1 of its levels.

You collected 19 gold pieces.

Inventory:

Hand Weapons
 g - a +2 spear of flaming (weapon)
Armour
 b - a +2 leather armour (worn)
Magical Staves
 e - a staff of death
Scrolls
 d - a scroll of immolation
 f - a scroll of identify
Miscellaneous
 c - a piece from Xom's chessboard (15/15) (quivered)


   Skills:
 + Level 3.2 Fighting
 + Level 2.6 Axes
 + Level 1.9 Armour
 + Level 1.2 Dodging


You had one spell level left.
You didn't know any spells.
Your spell library was empty.

Dungeon Overview and Level Annotations

Branches:
Dungeon (1/15)

Altars:
Sif Muna


Innate Abilities, Weirdness & Mutations

You are immune to poison.
Your flesh is cold resistant. (rC+)
You are immune to negative energy. (rN+++)
You are immune to unholy pain and torment.
You are vulnerable to heat. (rF-)
You do not drink.


Message History

The quasit claws you. The white imp gestures at you.
The puff of frost misses you.
The puff of frost hits the crimson imp!
The crimson imp is frozen!
The crimson imp dies!
The crimson imp disappears in a puff of smoke!
As you read the scroll labelled DAYJOPINLE, it crumbles to dust.
You feel strangely unstable.
It was a scroll of teleportation.
The quasit barely misses you.
The quasit claws you but does no damage.
The quasit barely misses you. The quasit bites you.
The quasit claws you but does no damage.
The quasit misses you. The iron imp hits you. The quasit barely misses you. x2
The quasit claws you but does no damage.
The quasit bites you. The quasit misses you.
The quasit claws you but does no damage.
The white imp barely misses you.
You fail to use your ability.
The quasit bites you but does no damage.
The quasit closely misses you. The quasit claws you.
* * * LOW HITPOINT WARNING * * *
The quasit bites you.
* * * LOW HITPOINT WARNING * * *
You feel clumsy. The quasit claws you.
* * * LOW HITPOINT WARNING * * *
You feel clumsy. The quasit closely misses you.
The white imp barely misses you.
The iron imp hits you but does no damage.
You hit the iron imp but do no damage. The quasit barely misses you.
The quasit claws you but does no damage.
The quasit barely misses you.
The quasit bites you but does no damage.
The quasit claws you but does no damage.
The quasit closely misses you. The shadow imp hits you.
* * * LOW HITPOINT WARNING * * *
The white imp gestures at you. The puff of frost hits you. You resist.
You die... "I guess I need a new plaything now."

#######.# #.......#≈#
######.....#.# #.##.....≈##
.....#.###.#.# #####.##..#...''
#.##.#.#.....#
###...........)≈##
#........#.#####...##..#...#..≈#
####.#.###.# #.##..#........#≈♣
.....#.....# #5#!....##......≈#~
############ #5#5..####..####≈##
#@55#####..## #≈# #55.......[.#
#≈# #5..#######.# #≈# ##.## #≈##
#.#### #≈≈≈ #....# #.## ####.#
#.## #.# #... ##.## ####


You could see 2 iron imps, 2 quasits, 2 white imps, a shadow imp (summoned) and
an ufetubus (summoned).

Vanquished Creatures
  A bat (D:1)
  An endoplasm (D:1)
  A goblin (D:1)
  A hobgoblin (D:1)
  A quokka (D:1)
  5 ball pythons (D:1)
  3 frilled lizards (D:1)
  3 kobolds (D:1)
  4 rats (D:1)
20 creatures vanquished.

Notes
Turn   | Place    | Note
-------+----------+-------------------------------------------
     0 | D:1      | Zeldest the Mummy Chaos Knight began the quest for the Orb.
     0 | D:1      | Reached XP level 1. HP: 18/18 MP: 1/1
    32 | D:1      | XOM: silly message
   109 | D:1      | Found a faded altar of an unknown god.
   139 | D:1      | Prayed at the altar of an unknown god.
   139 | D:1      | Fell from the grace of Xom
   139 | D:1      | Became a worshipper of Sif Muna the Loreminder
   139 | D:1      | Reached * piety under Sif Muna
   154 | D:1      | Reached skill level 1 in Dodging
   387 | D:1      | Reached XP level 2. HP: 14/24 MP: 2/2
   440 | D:1      | XOM: cloud trail
   835 | D:1      | XOM: summons 9 hostile demons
   836 | D:1      | Noticed a crimson imp
   842 | D:1      | Killed from afar by a white imp

Illustrated notes

Levels and vault maps discovered:
D:1:      saegor_arrival_fortress, layout_loops_cross,
          ebering_ecumenical_altar_box

Skill      XL: |  1 |
---------------+----+-----
Dodging        | 1 |  1.2
Fighting       | |  3.2
Axes           | |  2.6
Armour         | |  1.9

Action                   || total
-------------------------++-------
Melee: Hand axe          ||    66
       Punch             ||     2
       Spear             ||    10
  Use: Scroll            ||     2
Armor: Leather armour    ||    47
Dodge: Dodged            ||    78

Table legend: (Time is in decaauts)
 A = Elapsed time spent in this place.
 B = Non-inter-level travel time spent in this place.
 C = Inter-level travel time spent in this place.
 D = Time resting spent in this place.
 E = Time spent auto-exploring this place.
 F = Levels seen in this place.
 G = Mean time per level.
                   A        B        C        D        E       F      G
               +--------+--------+--------+--------+--------+-----+--------+
         Total |    853 |    853 |      0 |    382 |    299 |   1 |  853.0 |
       Dungeon |    853 |    853 |      0 |    382 |    299 |   1 |  853.0 |
               +--------+--------+--------+--------+--------+-----+--------+

Top non-repeatable levels by time:
     D:1: 853 daAuts
